 Dungeon Crawl Stone Soup version 0.30-a0-591-g3c58d2bc28 (webtiles) character file.

Game seed: 10193229237529314404

756 Dirtsage the Changer (level 7, -6/51 HPs)
             Began as an Octopode Transmuter on Jan 4, 2023.
             Mangled by an ogre
             ... wielding a +0 giant club
              (19 damage)
             ... on level 5 of the Dungeon.
             The game lasted 00:14:29 (2943 turns).

Dirtsage the Changer (Octopode Transmuter)          Turns: 2943, Time: 00:14:30

Health: -6/51      AC:  7    Str:  7 (9)  XL:     7   Next: 79%
Magic:  6/10       EV: 10    Int: 15 (17) God:
Gold:   176        SH:  0    Dex: 12 (13) Spells: 3/10 levels left

rFire   x . .      SeeInvis .      - Unarmed
rCold   + + +      Faith    .    (shield currently unavailable)
rNeg    . . .      Spirit   .    (helmet currently unavailable)
rPois   +          Reflect  .    (no amulet)
rElec   .          Harm     .    (no ring)
rCorr   .          Rampage  .    (no ring)
Will    .....                    (no ring)
Stlth   +                        (no ring)
HPRegen 0.28/turn                (no ring)
MPRegen 0.12/turn                (no ring)
                                 (no ring)
                                 (no ring)

@: ice-form
A: freezing attack, boosted hp, almost no armour, amphibious, 8 rings, large,
(camouflage 1), (gelatinous body 1), (nimble swimmer 1), (tentacles)
a: End Transformation


You were on level 5 of the Dungeon.
You were a creature of crystalline ice.
You visited 1 branch of the dungeon, and saw 5 of its levels.

You collected 176 gold pieces.

Inventory:

Missiles
 k - a throwing net
Jewellery
 f - a ring of ice
Scrolls
 c - a scroll of amnesia
 h - a scroll of blinking {unknown}
 i - 2 scrolls of identify
 j - a scroll of butterflies
Potions
 q - a potion of curing


   Skills:
 - Level 1.0 Fighting
 - Level 2.0 Dodging
 - Level 3.0 Unarmed Combat
 - Level 2.0 Spellcasting
 * Level 6.2 Transmutations
 * Level 5.7 Ice Magic


You had 3 spell levels left.
You knew the following spells:

 Your Spells              Type           Power      Damage    Failure   Level
a - Beastly Appendage     Tmut           40%        N/A       1%          1
b - Wereblood             Tmut           20%        N/A       2%          2
c - Ice Form              Ice/Tmut       19%        N/A       19%         4

Your spell library contained the following spells:

 Spells                   Type           Power      Damage    Failure   Level
 Passwall                 Tmut/Erth      8%         N/A       10%         2
 Ensorcelled Hibernation  Hex/Ice        20%        N/A       11%         2
 Spider Form              Tmut/Pois      10%        N/A       19%         3
 Magic Dart               Conj           4%         1d3       22%         1
 Call Imp                 Summ           1%         N/A       32%         2
 Mephitic Cloud           Conj/Pois/Air  1%         N/A       54%         3
 Swiftness                Air            1%         N/A       54%         3


Dungeon Overview and Level Annotations

Branches:
Dungeon (6/15)
 Temple: D:4-7

Altars:

Shops:
D:5 [

Annotations:
D:6 Eustachio


Innate Abilities, Weirdness & Mutations

You are a creature of crystalline ice.
You have a powerful freezing melee attack.
Your maximum health is increased.
Your armour is entirely melded.
You are incapable of wielding weapons or throwing items.
You cannot wear most types of armour.
You are amphibious.
You can wear up to eight rings at the same time.
((Your skin changes colour to match your surroundings (Stealth+).))
((Your rubbery body absorbs attacks. (AC +1, EV +1)))
((You are camouflaged when in or above water. (Stealth+)))
((You have tentacles for arms and can constrict up to eight enemies at once.))


Message History

There is an open door here.
There is an entrance to Utidd's Antique Armour Shoppe here.
You close the door.
You start resting.
Your hearing returns.
Unknown command.
You start resting.
Your transformation is almost over.
You warm up again.
HP restored.
You now have 43/43 hp.
Casting: Beastly Appendage (safe; 1% risk of failure)
Press: ? - help, Q - select action, (/) - cycle Dir - look around, f - activate
Okay, then.
Casting: Beastly Appendage (safe; 1% risk of failure)
Confirm with . or Enter, or press ? or * to list all spells.
The spell is quite dangerous to miscast (19% risk of failure)!
Continue anyway?
You turn into a creature of crystalline ice.
Health restored: 51 You now have 6/10 mp.
You open the door.
The ogre shouts!
You punch the ogre! You freeze the ogre.
The ogre is moderately wounded.
The ogre hits you with a +0 giant club!!
You take 18 damage, and have 33/51 hp.
MASSIVE DAMAGE!!
You hit the ogre but do no damage.
The ogre is moderately wounded.
The ogre hits you with a +0 giant club!!
* * * LOW HITPOINT WARNING * * *
You take 21 damage, and have 12/51 hp.
MASSIVE DAMAGE!!
You hit the ogre but do no damage.
The ogre is moderately wounded.
You punch the ogre! You freeze the ogre.
The ogre is severely wounded.
The ogre barely misses you.
You hit the ogre. You freeze the ogre.
The ogre is severely wounded.
The ogre hits you with a +0 giant club!!
You die...

###### #........#
#b...########........#
#..........).........#
#.....#######........#
.....##### #........#
........[# #........#
.b...###....##......##
#..b.### #....#O#..#
#..b...######..#Y# .#
#...b#.b..##...### #
........#.......
..#####.###.....
....†b.........
#.#####.###.b..
.....##.####...
...............
..###....O.....


You could see an ogre.

Vanquished Creatures
  2 water moccasins
  A sky beast (D:6)
  A kobold brigand (D:6)
  A bullfrog (D:6)
  2 howler monkeys
  An orc priest (D:6)
  A hound (D:6)
  An iguana (D:5)
  5 adders
  5 gnolls
  An ufetubus (D:5)
  A worm (D:2)
  2 dart slugs
  8 orcs
  4 endoplasms
  A giant cockroach (D:2)
  6 goblins
  5 hobgoblins
  A jackal (D:3)
  2 quokkas (D:2)
  7 ball pythons
  A bat (D:1)
  A frilled lizard (D:1)
  9 kobolds
  3 rats (D:1)
72 creatures vanquished.

Vanquished Creatures (others)
  A withered plant (D:1)
1 creature vanquished.

Grand Total: 73 creatures vanquished

Notes
Turn   | Place    | Note
-------+----------+-------------------------------------------
     0 | D:1      | Dirtsage the Octopode Transmuter began the quest for the
                  | Orb.
     0 | D:1      | Reached XP level 1. HP: 13/13 MP: 3/3
   194 | D:1      | Reached skill level 1 in Ice Magic
   194 | D:1      | Reached XP level 2. HP: 18/18 MP: 3/5
   629 | D:1      | Found a faded altar of an unknown god.
   752 | D:2      | Reached XP level 3. HP: 23/23 MP: 4/6
   913 | D:2      | Reached skill level 3 in Transmutations
  1253 | D:2      | Reached XP level 4. HP: 28/28 MP: 5/7
  1692 | D:2      | Learned a level 2 spell: Wereblood
  1697 | D:2      | Learned a level 4 spell: Ice Form
  1704 | D:3      | Reached XP level 5. HP: 33/33 MP: 3/8
  1832 | D:3      | You fall into a shaft and drop 3 floors!
  1847 | D:6      | Noticed a kobold brigand
  1866 | D:6      | Killed a kobold brigand
  1867 | D:6      | Reached skill level 4 in Transmutations
  1968 | D:6      | Noticed a water moccasin
  2002 | D:6      | Reached XP level 6. HP: 38/38 MP: 6/9
  2016 | D:6      | Killed a water moccasin
  2017 | D:6      | Reached skill level 5 in Transmutations
  2170 | D:6      | Noticed a sky beast
  2210 | D:6      | Killed a sky beast
  2211 | D:6      | Reached XP level 7. HP: 34/43 MP: 10/10
  2340 | D:6      | Reached skill level 5 in Ice Magic
  2431 | D:6      | Noticed Eustachio
  2520 | D:5      | Entered Level 5 of the Dungeon
  2743 | D:5      | HP: 3/61 [iguana (9)]
  2788 | D:5      | Reached skill level 6 in Transmutations
  2811 | D:5      | Found Utidd's Antique Armour Shoppe.
  2943 | D:5      | Mangled by an ogre

Illustrated notes

Levels and vault maps discovered:
D:1:      wander_arrival_peaceful_grave, layout_basic,
          ebering_ecumenical_altar_petrified, minivault_25
D:2:      layout_basic, st_stairs_14, kennysheep_generic_room_15
D:3:      layout_loops_cross, jmf_multi_god_temple, uniq_grinder
D:5:      layout_rooms, serial_shops, kennysheep_mini_moat
D:6:      layout_basic, uniq_eustachio

Skill      XL: |  1  2  3  4  5  6  7 |
---------------+----------------------+-----
Ice Magic      | 1 2 3 4 5 |  5.7
Transmutations | 3 4 5 6 |  6.2
Fighting       | |  1.0
Dodging        | |  2.0
Unarmed Combat | |  3.0
Spellcasting   | |  2.0

Action                   |  1- 3 |  4- 6 |  7- 9 || total
-------------------------+-------+-------+-------++-------
Melee: Unarmed           |    72 |   101 |    52 ||   225
       Constrict         |    19 |     8 |     2 ||    29
       Tentacles         |    13 |     8 |       ||    21
       Kick              |    15 |     8 |     2 ||    25
       Punch             |     1 |     1 |       ||     2
 Cast: Beastly Appendage |    13 |     5 |     2 ||    20
       Ice Form          |       |     7 |    11 ||    18
  Use: Scroll            |       |     1 |     4 ||     5
       Potion            |       |     1 |     3 ||     4
 Stab: Sleeping          |     9 |       |       ||     9
Armor: Skin              |     6 |    34 |    26 ||    66
Dodge: Dodged            |    36 |    32 |    17 ||    85

Table legend: (Time is in decaauts)
 A = Elapsed time spent in this place.
 B = Non-inter-level travel time spent in this place.
 C = Inter-level travel time spent in this place.
 D = Time resting spent in this place.
 E = Time spent auto-exploring this place.
 F = Levels seen in this place.
 G = Mean time per level.
                   A        B        C        D        E       F      G
               +--------+--------+--------+--------+--------+-----+--------+
         Total |   2930 |   2771 |    159 |    433 |   1416 |   5 |  586.0 |
       Dungeon |   2930 |   2771 |    159 |    433 |   1416 |   5 |  586.0 |
               +--------+--------+--------+--------+--------+-----+--------+

Top non-repeatable levels by time:
     D:2: 950 daAuts
     D:6: 683 daAuts
     D:1: 663 daAuts
     D:5: 420 daAuts
     D:3: 213 daAuts
